Map: Acolyte LE

Players

cjohndesign - Winner!

  • Race: Protoss Protoss
  • League: Gold
  • Spawn Location: 7:00

Winthrowe

  • Race: Terran Terran
  • League: Silver
  • Spawn Location: 1:00

VOD

Have the link to the VOD?

Description

Time

  • Played on: Sept. 3, 2017, 10:18 p.m.
  • Length: 10:09
Show
View Real Time Build Order
Export as new Build Order

cjohndesign Protoss - Winner!

Build Orders: Oracle Opening 

Get SALT Encoding   

  12  0:02  Probe (Chrono Boost)  
  14  0:14  Probe (Chrono Boost)  
  14  0:17  Pylon  
  14  0:27  Probe (Chrono Boost)  
  15  0:36  Gateway  
  15  0:40  Probe (Chrono Boost)  
  16  0:44  Assimilator  
  16  0:52  Probe (Chrono Boost)  
  16  0:53  Assimilator  
  18  1:04  Probe (Chrono Boost)  
  18  1:16  Probe (Chrono Boost)  
  19  1:27  Cybernetics Core  
  19  1:31  Pylon  
  19  1:37  Probe (Chrono Boost)  
  20  1:49  Probe (Chrono Boost)  
  20  1:57  Nexus  
  21  2:01  Probe (Chrono Boost)  
  21  2:04  Warp Gate  
  21  2:14  Probe (Chrono Boost)  
  22  2:19  Adept  
  22  2:22  Stargate  
  22  2:26  Probe (Chrono Boost)  
  26  2:38  Probe (Chrono Boost)  
  26  2:50  Probe (Chrono Boost)  
  27  2:56  Stalker  
  27  2:58  Oracle  
  29  3:04  Probe (Chrono Boost)  
  30  3:12  Pylon  
  34  3:14  Probe (Chrono Boost)  
  34  3:26  Stalker, Probe (Chrono Boost)  
  37  3:31  Probe (Chrono Boost)  
  38  3:35  Gateway  
  38  3:38  Probe (Chrono Boost)  
  39  3:43  Probe (Chrono Boost)  
  39  3:46  Assimilator  
  40  3:49  Pylon  
  40  3:50  Probe (Chrono Boost)  
  42  3:55  Probe (Chrono Boost)  
  42  4:02  Probe (Chrono Boost)  
  44  4:11  Probe (Chrono Boost)  
  45  4:32  Stalker, Probe (Chrono Boost)  
  45  4:36  Oracle  
  51  4:39  Probe (Chrono Boost)  
  51  4:44  Gateway, Probe (Chrono Boost)  
  51  4:45  Gateway  
  52  4:49  Assimilator  
  52  4:51  Probe (Chrono Boost)  
  52  4:52  Stalker  
  55  4:55  Stalker  
  55  4:56  Probe (Chrono Boost)  
  58  5:03  Probe (Chrono Boost)  
  60  5:08  Probe (Chrono Boost)  
  61  5:15  Probe (Chrono Boost)  
  61  5:21  Probe (Chrono Boost)  
  62  5:27  Pylon  
  62  5:37  Pylon  
  62  5:40  Pylon  
  62  5:47  Stalker, Probe x2 (Chrono Boost)  
  62  5:48  Stalker, Pylon, Nexus  
  68  5:50  Pylon  
  68  5:52  Pylon  
  68  5:55  Phoenix  
  70  5:57  Forge, Pylon  
  70  5:59  Forge, Probe x2 (Chrono Boost)  
  73  6:11  Probe (Chrono Boost)  
  73  6:29  Stalker  
  73  6:30  Stalker x3, Probe (Chrono Boost)  
  82  6:44  Probe (Chrono Boost)  
  83  6:50  Probe (Chrono Boost), Protoss Ground Weapons Level 1  
  83  6:51  Protoss Ground Armor Level 1  
  84  7:00  Fleet Beacon  
  84  7:03  Photon Cannon  
  84  7:07  Robotics Facility  
  84  7:10  Robotics Facility  
  84  7:14  Twilight Council  
  84  7:16  Pylon  
  84  7:18  Pylon  
  87  7:23  Probe x2 (Chrono Boost)  
  87  7:24  Probe (Chrono Boost)  
  87  7:35  Probe (Chrono Boost)  
  87  7:36  Probe x2 (Chrono Boost)  
  90  7:42  Blink  
  90  7:47  Probe (Chrono Boost)  
  90  7:48  Stalker x2, Probe x2 (Chrono Boost)  
  90  7:49  Stalker x2  
  102  8:00  Probe (Chrono Boost), Tempest  
  102  8:04  Warp Prism x2  
  112  8:11  Probe (Chrono Boost)  
  113  8:15  Probe (Chrono Boost)  
  113  8:16  Probe (Chrono Boost)  
  113  8:17  Assimilator  
  115  8:23  Probe (Chrono Boost)  
  115  8:24  Gateway  
  115  8:26  Gateway  
  118  8:28  Pylon, Probe x2 (Chrono Boost)  
  118  8:33  Sentry x2  
  123  8:34  Gateway  
  123  8:35  Probe (Chrono Boost)  
  123  8:37  Assimilator  
  123  8:40  Probe (Chrono Boost)  
  123  8:41  Observer  
  125  8:43  Tempest  
  128  9:07  Probe (Chrono Boost)  
  129  9:26  Tempest  
  129  9:27  Pylon  
  135  9:41  Pylon, Probe x3 (Chrono Boost)  
  148  9:53  Probe x2 (Chrono Boost)  
Show
View Real Time Build Order
Export as new Build Order

Winthrowe Terran 

Build Orders: MMM Bio 

Get SALT Encoding   

  12  0:01  SCV  
  14  0:14  SCV  
  14  0:26  Supply Depot, SCV  
  15  0:48  SCV  
  16  0:50  Barracks  
  16  1:01  Supply Depot, Refinery  
  17  1:04  SCV  
  17  1:16  SCV  
  18  1:28  SCV  
  19  1:40  SCV  
  19  1:42  Marine  
  21  1:52  SCV  
  22  2:06  SCV, Command Center  
  23  2:10  Refinery  
  23  2:15  Marine  
  24  2:19  SCV  
  25  2:31  SCV  
  26  2:43  Orbital Command  
  26  2:53  Marine  
  26  2:56  Factory  
  27  3:09  SCV  
  27  3:11  Marine  
  29  3:21  SCV  
  30  3:38  Command Center  
  30  3:43  Starport  
  30  3:50  Barracks Tech Lab  
  30  3:54  Factory Tech Lab  
  19  4:52  Engineering Bay  
  19  4:55  Engineering Bay  
  19  5:02  Starport Tech Lab  
  19  5:17  Marine  
  19  5:21  Combat Shields  
  20  5:29  Cloaking Field  
  20  5:35  Marine  
  21  5:44  Supply Depot  
  21  5:53  Marine  
  22  6:10  Marine  
  18  6:13  Viking  
  14  6:28  Marine  
  5  6:40  Stimpack  
  5  6:44  Unknown, Infernal Pre-Igniter  
  5  7:07  Viking  
  7  7:57  SCV  
  7  7:58  SCV  
  9  8:40  Viking  
  9  8:41  Concussive Shells  
  11  9:01  SCV x2  
  11  9:02  SCV  
  14  9:10  Viking  
  14  9:13  SCV x2  
  14  9:14  SCV  
  19  9:25  SCV  
  19  9:26  SCV  
  19  9:29  Missile Turret  
  21  9:43  Missile Turret  
Tags
 
Composition
MMM Bio
Matchup
PvT
Spawn Locations
Cross Positions
Add a new tag
Caveats
  • Supply blocks, unpowered buildings, or Contaminate may cause inaccurate times.
  • Supply counts are checked every 10 seconds.